 Dungeon Crawl Stone Soup version 0.21.1-1-g345015f (webtiles) character file.

23 lotte the Magician (level 3, -3/21 HPs)
             Began as an Octopode Wizard on June 29, 2018.
             Slain by a sky beast (5 damage)
             ... on level 2 of the Dungeon.
             The game lasted 00:07:57 (1867 turns).

lotte the Magician (Octopode Wizard)                Turns: 1867, Time: 00:07:58

Health: -3/21      AC:  1    Str:  6    XL:     3   Next: 0%
Magic:  5/8        EV: 13    Int: 21    God:
Gold:   61         SH:  0    Dex: 10    Spells: 8/9 levels left

rFire    . . .     SeeInvis .   g - +0 whip
rCold    . . .     Gourm    .   (no shield)
rNeg     . . .     Faith    .   a - +0 hat
rPois    .         Spirit   .   (no amulet)
rElec    .         Reflect  .   (no ring)
rCorr    .         Harm     .   (no ring)
MR       .....                  (no ring)
Stlth    +++.......             (no ring)
HPRegen  0.07/turn              (no ring)
MPRegen  0.11/turn              (no ring)
                                (no ring)
                                (no ring)

@: no status effects
A: almost no armour, stealthy swim, amphibious, 8 rings, constrict 8, camouflage
1, gelatinous body 1
a: no special abilities


You were on level 2 of the Dungeon.
You were near starving.

You visited 1 branch of the dungeon, and saw 2 of its levels.

You collected 61 gold pieces.

Inventory:

Hand Weapons
 g - a +0 whip (weapon)
Armour
 a - a +0 hat (worn)
 e - a +0 leather armour
Scrolls
 f - 2 scrolls of teleportation {unknown}
 j - a scroll of enchant weapon {unknown}
 l - a scroll of amnesia {unknown}
Potions
 d - 2 potions of heal wounds {unknown}
 h - a potion of lignification {unknown}
 i - a potion of curing {unknown}
 k - a potion of mutation {unknown}
 m - a potion of might {unknown}
Books
 b - a book of Minor Magic

   Spells                             Type                      Level
   a - Magic Dart                     Conjuration                  1
   b - Blink                          Translocation                2
   c - Call Imp                       Summoning                    2
   d - Slow                           Hexes                        2
   e - Conjure Flame                  Conjuration/Fire             3
   f - Mephitic Cloud                 Conjuration/Poison/Air       3
Comestibles
 c - a ration


   Skills:
 + Level 0.1 Maces & Flails
 - Level 2.0 Dodging
 - Level 2.6 Stealth
 + Level 3.7 Spellcasting
 + Level 1.3 Conjurations
   Level 1.0 Summonings
   Level 1.0 Translocations


You had 8 spell levels left.
You knew the following spells:

 Your Spells              Type           Power        Failure   Level  Hunger
a - Magic Dart            Conj           #...         7%          1    None


Dungeon Overview and Level Annotations

Branches:
Dungeon (2/15)

Altars:


Innate Abilities, Weirdness & Mutations

You cannot wear most types of armour.
You are very stealthy in the water. (Stealth+)
You are amphibious.
You can wear up to eight rings at the same time.
You can use your tentacles to constrict eight enemies at once.
Your skin changes colour to match your surroundings (Stealth+).
Your rubbery body absorbs attacks. (AC +1, EV +1)


Message History

Aim: a sky beast (lightly wounded)
The magic dart hits the sky beast.
The sky beast is lightly wounded.
The sky beast flickers out of sight!
Deactivating autopickup; reactivate with Ctrl-A.
Casting: Magic Dart
Confirm with . or Enter, or press ? or * to list all spells.
You can't see any susceptible monsters within range! (Use Z to cast anyway.) Autopickup is now on.
Something barely misses you.
Deactivating autopickup; reactivate with Ctrl-A.
You miss something. Something hits you. Something shocks you.
You hit something. Something hits you. Something shocks you.
* * * LOW HITPOINT WARNING * * *
You miss something.
A sky beast appears from thin air!
Reactivating autopickup.
The sky beast hits you.
* * * LOW HITPOINT WARNING * * *
The sky beast shocks you.
You die...

............#.###.#
...............##.#
............#..##.####
........#_#.......#
.....##..#...#.####
............##.#
............##.#
###..##..#####.#
.........Y@.#
..##..####### ...{
.... ... .. .


You could see a sky beast.

Vanquished Creatures
  An ooze (D:1)
  3 dart slugs (D:1)
  A giant cockroach (D:1)
  2 goblins (D:1)
  2 hobgoblins (D:1)
  A bat (D:1)
  A kobold (D:1)
  3 rats (D:1)
14 creatures vanquished.

Notes
Turn   | Place    | Note
-------+----------+-------------------------------------------
     0 | D:1      | lotte the Octopode Wizard began the quest for the Orb.
     0 | D:1      | Reached XP level 1. HP: 11/11 MP: 4/4
   312 | D:1      | Reached XP level 2. HP: 12/17 MP: 0/6
  1471 | D:1      | Reached XP level 3. HP: 17/21 MP: 8/8
  1819 | D:2      | Found a faded altar of an unknown god.
  1855 | D:2      | Noticed a sky beast
  1867 | D:2      | Slain by a sky beast

Action                   || total
-------------------------++-------
Melee: Unarmed           ||     7
       Whip              ||    23
       Tentacles         ||     7
       Constrict         ||     6
 Cast: Magic Dart        ||    36
  Eat: Chunk             ||     1
Armor: Skin              ||     6
Dodge: Dodged            ||    24
